 Dungeon Crawl Stone Soup version 0.17.1-3-g152610e (webtiles) character file.

81 warlockg3 the Gusty (level 4, 0/38 HPs)
             Began as a Draconian Air Elementalist on Apr 12, 2016.
             Was an Initiate of Qazlal.
             Slain by Terence
             ... wielding a +0 falchion
              (4 damage)
             ... on level 2 of the Dungeon.
             The game lasted 00:08:39 (1159 turns).

warlockg3 the Gusty (Draconian Air Elementalist)    Turns: 1159, Time: 00:08:39

Health: 0/38       AC:  5    Str: 11    XL:     4   Next: 19%
Magic:  5/10       EV: 13    Int: 21    God:    Qazlal [......]
Gold:   43         SH:  0    Dex: 11    Spells: 1 memorised, 10 levels left

rFire  . . .     SeeInvis .     f - +0 dagger
rCold  . . .     Clarity  .     (armour unavailable)
rNeg   . . .     SustAt   .     (no shield)
rPois  .         Gourm    .     (helmet restricted)
rElec  .         Spirit   .     (no cloak)
rCorr  .         Warding  .     (no gloves)
rMut   .         Stasis   .     (no boots)
MR     .....                    (no amulet)
Stlth  ++........               (no ring)
                                (no ring)

@: brilliant, flying, not resistant to hostile enchantments, unstealthy
A: unfitting armour, cold-blooded, AC +5
a: Renounce Religion


You were on level 2 of the Dungeon.
You worshipped Qazlal.
Qazlal was noncommittal.
You were very hungry.

You visited 1 branch of the dungeon, and saw 2 of its levels.

You collected 43 gold pieces.

Inventory:

Hand Weapons
 f - a +0 dagger (weapon)
 m - a +0 spear
Scrolls
 d - 3 scrolls of identify
 e - a scroll of immolation
 h - a scroll of noise
Books
 a - a book of Air

   Spells                             Type                      Level
   a - Shock                          Conjuration/Air              1
   b - Swiftness                      Charms/Air                   2
   c - Repel Missiles                 Charms/Air                   2
   d - Static Discharge               Conjuration/Air              3
   e - Lightning Bolt                 Conjuration/Air              5
Comestibles
 b - 2 bread rations


   Skills:
 + Level 3.1 Fighting
 + Level 2.7 Short Blades
 + Level 2.7 Polearms
 + Level 2.4 Throwing
 + Level 3.9 Dodging
 + Level 3.3 Stealth
 + Level 2.7 Unarmed Combat
 + Level 4.4 Spellcasting
 + Level 3.1 Conjurations
 + Level 4.4 Air Magic
 + Level 2.9 Invocations


You had 10 spell levels left.
You knew the following spells:

 Your Spells              Type           Power        Failure   Level  Hunger
a - Shock                 Conj/Air       ####         1%          1    None


Dungeon Overview and Level Annotations

Branches:
Dungeon (2/15)

Altars:
Ashenzari
Qazlal

Annotations:
D:2 Terence


Innate Abilities, Weirdness & Mutations

Your plain brown scales are hard (AC +5).
Your body does not fit into most forms of armour.
You are cold-blooded and may be slowed by cold attacks.


Message History

The jackal barely misses you. x2
The jackal closely misses you.
The jackal pauses to sniff the ground.
The jackal misses you. x2
You see here a scroll of noise.
Terence hits you with a falchion.
* * * LOW HITPOINT WARNING * * *
The jackal barely misses you.
You hit the jackal but do no damage.
The jackal is heavily wounded.
Terence closely misses you. The jackal closely misses you.
You barely miss the jackal.
The jackal is heavily wounded.
The jackal bites you but does no damage.
The jackal barely misses you. Terence closely misses you.
The jackal closely misses you.
You hit the jackal.
The jackal is almost dead.
The jackal completely misses you. Terence hits you with a falchion.
You die...

*,,** ##..# #.#.# ##.#***,
**,,#########...# #...## #..# **
*#.#.....##...###*#...###..#
#..........#...###.#.#....# ***
**#............?............# *,,
,*#..........###...###..#..##**,*
,,#..........# #w.###...#.## *,,*
,,..........####h@....#.#.#***,**
,<..........##.h@#.####.#.#*,,,*
,,.#.......###.###..#*#.#.#*,***
,,.............* *........#*,*
,,.#######...#** *.###.#...,,*
,,,*,,+,,#...* ***,* *.#..****
,,**,,*,,#..,* *,,,***,*..,*
****+***+##*** *,**,,,,,,*,*
*,,+,,,,,+,,* *,**,**,*,*,*
*,,*,,,,,*,,* **,**,**,*,#.*


You could see Terence (inner flame), a worm and 2 jackals.

Vanquished Creatures
  An adder (D:2)
  2 giant geckos
  2 ball pythons (D:1)
  A giant cockroach (D:1)
  3 goblins (D:1)
  6 hobgoblins
  2 kobolds (D:1)
  4 bats (D:1)
  2 rats (D:1)
23 creatures vanquished.

Notes
Turn   | Place    | Note
--------------------------------------------------------------
     0 | D:1      | warlockg3 the Draconian Air Elementalist began the quest for the Orb.
     0 | D:1      | Reached XP level 1. HP: 14/14 MP: 3/3
   201 | D:1      | Reached XP level 2. HP: 8/20 MP: 5/5
   976 | D:2      | Reached XP level 3. HP: 26/26 MP: 6/6
   978 | D:2      | Found a shattered altar of Ashenzari.
   979 | D:2      | Found a stormy altar of Qazlal.
  1013 | D:2      | Became a worshipper of Qazlal Stormbringer
  1116 | D:2      | Noticed Terence
  1144 | D:2      | Reached skill level 4 in Spellcasting
  1144 | D:2      | Reached XP level 4. HP: 17/38 MP: 3/10
  1159 | D:2      | Slain by Terence

Action                   |  1- 3 |  4- 6 || total
-------------------------+-------+-------++-------
Melee: Unarmed           |    44 |       ||    44
       Dagger            |    55 |     7 ||    62
 Cast: Shock             |    25 |       ||    25
  Use: Scroll            |     5 |     1 ||     6
       Potion            |     5 |       ||     5
